 Dungeon Crawl Stone Soup version 0.30.0-29-ga12c61a403 (webtiles) character file.

Game seed: 10223244989217128974

5041 javelincjr the Conjurer (level 10, -10/81 HPs)
             Began as a Demigod Conjurer on June 2, 2023.
             Mangled by an orc warlord
             ... wielding a +3 broad axe
              (16 damage)
             ... in a bailey on June 3, 2023.
             The game lasted 00:56:06 (11032 turns).

javelincjr the Conjurer (Demigod Conjurer)         Turns: 11032, Time: 00:56:07

Health: -10/81     AC: 14    Str: 18    XL:     10   Next: 9%
Magic:  7/21       EV: 14    Int: 32    God:
Gold:   330        SH:  4    Dex: 18    Spells: 15/19 levels left

rFire   . . .        d - +5 morningstar (drain)
rCold   . . .        O - +0 buckler
rNeg    . . .        D - +3 leather armour of Past Mistakes {+Inv Dex+6}
rPois   +            w - +2 hat
rElec   .            j - +0 cloak
rCorr   +            k - +1 Delatra's gloves {ID++}
SInv    .            t - +2 pair of boots "Izuadimn" {rPois Str+4}
Will    +....        (no amulet)
Stlth   +++          n - +6 ring of strength
HPRegen 0.33/turn    R - ring of resist corrosion
MPRegen 0.17/turn

%: no passive effects
@: no status effects
A: high MP 1, forlorn, divine attributes
a: Evoke Invisibility


You were in a bailey.
You visited 2 branches of the dungeon, and saw 9 of its levels.
You also visited: Bailey.

You collected 330 gold pieces.

Inventory:

Hand Weapons
 d - a +5 morningstar of draining (weapon)
 u - a +0 vampiric hand axe
 C - a +0 falchion of holy wrath
 M - a +1 whip of flaming
Missiles
 B - a throwing net
Armour
 i - a +2 robe of willpower
 j - a +0 cloak (worn)
 k - the +1 Delatra's gloves (worn) {ID++}
   (You found it on level 5 of the Dungeon)

   ID++:      It heals its wearer when they drink unknown potions, and restores
   their MP when they read unknown scrolls.
 t - the +2 pair of boots "Izuadimn" (worn) {rPois Str+4}
   (You found it on level 4 of the Dungeon)

   Str:       It affects your strength (+4).
   rPois:     It protects you from poison.
 w - a +2 hat (worn)
 y - a +2 pair of gloves
 D - the +3 leather armour of Past Mistakes (worn) {+Inv Dex+6}
   (You took it off an orc on level 6 of the Dungeon)

   Dex:       It affects your dexterity (+6).
   +Inv:      It lets you turn invisible.
 F - a +2 pair of boots of flying
 I - a +3 plate armour
 N - a +2 robe of cold resistance
 O - a +0 buckler (worn)
Magical Staves
 g - a staff of cold
Jewellery
 n - a +6 ring of strength (left hand)
 R - a ring of resist corrosion (right hand)
Wands
 h - a wand of polymorph (6)
 l - a wand of roots (11)
 p - a wand of paralysis (5)
 r - a wand of digging (1)
 G - a wand of flame (8)
 L - a wand of mindburst (3)
Scrolls
 a - 2 scrolls of immolation
 e - 3 scrolls of poison
 m - 3 scrolls of magic mapping
 o - a scroll of noise
 q - 2 scrolls of teleportation
 x - 4 scrolls of fear
 A - a scroll of vulnerability
 H - a scroll of amnesia {unknown}
 J - 2 scrolls of blinking {unknown}
 P - 2 scrolls of enchant weapon
Potions
 b - 4 potions of magic
 c - 8 potions of curing
 f - a potion of cancellation {unknown}
 s - a potion of flight
 v - 2 potions of degeneration
 z - a potion of mutation
 E - 2 potions of might
 K - 2 potions of berserk rage
 Q - a potion of haste


   Skills:
 + Level 5.3 Fighting
 + Level 4.7 Maces & Flails
 + Level 3.0 Armour
 + Level 5.7 Dodging
 + Level 6.2 Stealth
 + Level 1.6 Shields
 + Level 5.2 Spellcasting
 + Level 6.6 Conjurations
 + Level 2.1 Evocations


You had 15 spell levels left.
You knew the following spells:

 Your Spells              Type           Power      Damage    Failure   Level
a - Magic Dart            Conj           100%       1d8       1%          1
b - Searing Ray           Conj           100%       2d8       1%          2
c - Sting                 Tmut/Pois      32%        1d4       8%          1

Your spell library contained the following spells:

 Spells                   Type           Power      Damage    Failure   Level
 Dazzling Flash           Conj/Hex       58%        N/A       6%          3
 Cigotuvi's Dreadful Rot  Necr/Pois/Air  16%        N/A       12%         2
 Poisonous Vapours        Pois/Air       16%        N/A       12%         2
 Fulminant Prism          Conj/Hex       14%        3d9       19%         4
 Iskenderun's Mystic Bla  Conj/Tloc      29%        2d7       19%         4
 Ignite Poison            Fire/Tmut/Pois 8%         N/A       22%         3
 Olgreb's Toxic Radiance  Pois           8%         N/A       58%         4
 Freezing Cloud           Conj/Ice/Air   11%        6-21      63%         5


Dungeon Overview and Level Annotations

Branches:
Dungeon (8/15)             Temple (1/1) D:4          Bailey (1/1)
   Lair: D:8-11

Shops:
D:2 :

Annotations:
D:3 Ijyb


Innate Abilities, Weirdness & Mutations

You have an increased reservoir of magic. (+10% MP)
You shall have no god before yourself.
Your divine heritage dramatically boosts your attributes as you level up.


Message History

The orc warlord is lightly wounded.
The orc warlord misses you.
Casting: Sting (safe; 8% risk of failure)
Confirm with . or Enter, or press ? or * to list all spells.
Aiming: Searing Ray (safe; 1% risk of failure)
Press: ? - help, Shift-Dir - straight line, f - orc warrior, p - orc warlord
Aim: an orc warrior, wielding a +0 war axe and wearing a +0 plate armour (almost dead, strong, poisoned, 83% to hit)
The searing ray hits the orc warlord but does no damage.
The orc warlord is lightly wounded.
The searing ray hits the orc warrior.
You kill the orc warrior! (Press . to maintain the ray.)
The orc warlord misses you.
Your Armour skill increases to level 3!
Unknown command.
Unknown command.
The searing ray hits the orc warlord but does no damage.
The orc warlord is lightly wounded.
The orc warlord hits you with a +3 broad axe!!
The searing ray hits the orc warlord but does no damage.
The orc warlord is lightly wounded.
You block the orc warlord's attack.
The searing ray hits the orc warlord but does no damage.
The orc warlord is lightly wounded.
You finish channelling your searing ray.
The orc warlord hits you with a +3 broad axe!
Casting: Searing Ray (safe; 1% risk of failure)
Confirm with . or Enter, or press ? or * to list all spells.
Okay, then.
Okay, then.
You hit the orc warlord but do no damage.
The orc warlord is lightly wounded.
The orc warlord hits you with a +3 broad axe!
* * * LOW HITPOINT WARNING * * *
You hit the orc warlord.
The orc warlord is lightly wounded.
The orc warlord hits you with a +3 broad axe!
* * * LOW HITPOINT WARNING * * *
The orc warlord hits you with a +3 broad axe!
You die...

###.### ###.#
###.....### ###....
##.........###......
#..........)#.......
#......[...)).))....
#.....⌠...[.#.....⌠.
#.....[.....#......)
#....[.[....#.....).
###[@.......###.o....
###.#o#.....###
###.o..
###....)###.### ###.#
##.........### ###
#.......[..8# g #.
#..........8#..) #.
#∩....⌠.[...o.... #.
#.......[..8#.... #.
#..........8##... #.


You could see an orc warlord (poisoned).

Vanquished Creatures
  Pikel (D:7)
  Joseph (D:7)
  3 water moccasins (D:7)
  Duvessa (D:6)
  14 orc warriors
  A sky beast (D:8)
  A centaur (D:7)
  4 lemures (D:7)
  A phantom (D:5)
  A bullfrog (D:7)
  A kobold brigand (D:8)
  A gnoll sergeant (D:6)
  5 scorpions
  Dowan (D:6)
  5 killer bees (D:7)
  2 electric eels (D:8)
  A gnoll bouda (D:7)
  6 orc priests
  5 hounds
  3 jellies
  4 iguanas
  Jessica (D:2)
  12 orc wizards
  Robin (D:3)
  19 gnolls
  15 adders
  6 white imps
  4 worms
  2 dart slugs
  44 orcs
  3 ball pythons
  11 endoplasms
  A giant cockroach (D:2)
  20 goblins
  17 hobgoblins
  6 jackals
  3 quokkas
  8 bats
  2 frilled lizards (D:1)
  14 kobolds
  6 rats
257 creatures vanquished.

Vanquished Creatures (others)
  A hobgoblin (D:3)
1 creature vanquished.

Grand Total: 258 creatures vanquished

Notes
Turn   | Place    | Note
-------+----------+-------------------------------------------
     0 | D:1      | javelincjr the Demigod Conjurer began the quest for the
                  | Orb.
     0 | D:1      | Reached XP level 1. HP: 14/14 MP: 5/5
   292 | D:1      | Reached XP level 2. HP: 11/20 MP: 5/7
  1015 | D:2      | Learned a level 2 spell: Searing Ray
  1033 | D:2      | Reached XP level 3. HP: 27/27 MP: 0/8
  1210 | D:2      | Reached skill level 1 in Fighting
  1268 | D:2      | Reached XP level 4. HP: 35/35 MP: 7/10
  1482 | D:2      | Noticed Jessica
  1486 | D:2      | Killed Jessica
  1592 | D:2      | Found Pazil's Vocational Training.
  1930 | D:2      | Reached XP level 5. HP: 40/40 MP: 4/11
  3432 | D:3      | Noticed Robin
  3432 | D:3      | Noticed Ijyb
  3827 | D:3      | Killed Robin
  4282 | D:4      | Identified the +2 pair of boots "Izuadimn" {rPois Str+4}
  4319 | D:4      | Reached XP level 6. HP: 21/48 MP: 1/13
  4788 | D:4      | Found a staircase to the Ecumenical Temple.
  4794 | Temple   | Entered the Ecumenical Temple
  5016 | D:4      | Reached skill level 1 in Maces & Flails
  5114 | D:5      | Entered Level 5 of the Dungeon
  5498 | D:5      | Reached XP level 7. HP: 56/56 MP: 5/15
  6130 | D:5      | Found the +1 Delatra's gloves {ID++}
  6268 | D:5      | Reached skill level 5 in Conjurations
  6542 | D:6      | Reached XP level 8. HP: 63/63 MP: 3/17
  6655 | D:6      | Identified the +3 leather armour of Past Mistakes {+Inv
                  | Dex+6}
  6678 | D:6      | Noticed Dowan
  6857 | D:6      | Killed Dowan
  7435 | D:6      | Noticed Duvessa
  7443 | D:6      | Killed Duvessa
  7444 | D:6      | Reached skill level 5 in Stealth
  7849 | D:7      | Noticed Joseph
  7868 | D:7      | Killed Joseph
  8006 | D:7      | Reached skill level 1 in Armour
  8006 | D:7      | Reached XP level 9. HP: 59/72 MP: 10/19
  8010 | D:7      | Reached skill level 5 in Dodging
  8560 | D:7      | Upgraded the game from 0.30.0-20-g3b4254fcbd to
                  | 0.30.0-29-ga12c61a403
  8727 | D:7      | Noticed Pikel
  8919 | D:7      | Killed Pikel
  8920 | D:7      | Reached skill level 1 in Evocations
  9165 | D:7      | Reached skill level 5 in Fighting
  9329 | D:7      | Reached skill level 5 in Spellcasting
 10025 | D:8      | Found a flagged portal.
 10058 | Bailey   | Entered a bailey
 10188 | Bailey   | Learned a level 1 spell: Sting
 10221 | Bailey   | Reached skill level 1 in Shields
 10509 | Bailey   | HP: 2/74 [orc warrior/+0 war axe (7)]
 10531 | Bailey   | Reached XP level 10. HP: 9/81 MP: 2/21
 11014 | Bailey   | Noticed an orc warlord
 11032 | Bailey   | Mangled by an orc warlord

Illustrated notes

Levels and vault maps discovered:
D:1:      wander_arrival_lonely_grave, layout_loops_ring
D:2:      layout_basic, serial_glass, glass_columns_b, glass_columns_c,
          skrybe_limestone_x, kennysheep_crisscross, nicolae_shop_vocational,
          uniq_jessica
D:3:      layout_rooms, hellmonk_ecumenical_altar_slurped_away, serial_curves,
          eino_curves_04, eino_curves_02, eino_curves_02, eino_curves_03,
          nicolae_goblin_pals
D:4:      layout_basic, minmay_temple_entry_enclosed_plants,
          grunt_decor_resistance, kennysheep_small_spiral, minmay_quantized
D:5:      layout_basic, mrwooster_statue_mirror, pf_guarded_unrand_delatra
D:6:      layout_rooms, minitemple, uniq_duvessa
D:7:      layout_basic, uniq_joseph, uniq_pikel
D:8:      layout_basic, serial_bayou, serial_bayou_lake_a, serial_bayou_shore_a,
          serial_bayou_lagoon_a, serial_bayou_crossing, serial_bayou_pond_b,
          enter_bailey_2
Temple:   nicolae_temple_ecumenical_triangle
Bailey:   bailey_axe_minmay_hex_keep, bailey

Skill      XL: |  1  2  3  4  5  6  7  8  9 10 |
---------------+-------------------------------+-----
Stealth        | 2 3 4 5 6 |  6.2
Dodging        | 2 3 4 5 |  5.7
Spellcasting   | 2 3 4 5 |  5.2
Fighting       | 1 2 3 4 5 |  5.3
Conjurations   | 4 5 6 |  6.6
Maces & Flails | 1 2 3 4 |  4.7
Armour         | 1 2 3 |  3.0
Evocations     | 2 |  2.1
Shields        | 1 |  1.6

Action                     |  1- 3 |  4- 6 |  7- 9 | 10-12 || total
---------------------------+-------+-------+-------+-------++-------
  Melee: Short sword       |     8 |       |       |       ||     8
         Unarmed           |     3 |       |       |       ||     3
         Spear             |     1 |     5 |       |       ||     6
         Hand axe          |       |     9 |       |       ||     9
         Morningstar       |       |     6 |    86 |     7 ||    99
   Cast: Magic Dart        |    46 |   109 |   136 |    15 ||   306
         Searing Ray       |     5 |    34 |    64 |     8 ||   111
         Sting             |       |       |     2 |    11 ||    13
    Use: Scroll            |       |     4 |    13 |       ||    17
         Potion            |       |       |     2 |       ||     2
   Stab: Sleeping          |       |     1 |     4 |       ||     5
 Armour: Robe              |     8 |    17 |    31 |       ||    56
         Leather armour    |       |       |    42 |     6 ||    48
  Dodge: Dodged            |    15 |    30 |   136 |    14 ||   195
  Block: Buckler           |       |       |    14 |     1 ||    15
